[Event "Titled Tuesday Blitz November 22 Early 2022"]
[White "Ciuffoletti, Paolo"]
[Black "Hartikainen, Jarmo"]
[WhiteFideId "807630"]
[BlackFideId "503134"]
[WhiteElo "2143"]
[BlackElo "2209"]
[Result "1-0"]
[Round "09"]
[TimeControl "180+1"]
[Date "2022.11.23"]
[WhiteClock "0:00:13"]
[BlackClock "0:00:18"]

1. e4 c5 2. d4 cxd4 3. c3 d5 4. exd5 Qxd5 5. cxd4 Nc6 6. Nf3 Bg4 7. Nc3 Bxf3 8. gxf3 Qxd4 9. Qxd4 Nxd4 10. Nb5 Nc2+ 11. Kd1 Nxa1 12. Nc7+ Kd8 13. Nxa8 g6 14. Be3 Bh6 15. Bxa7 Nf6 16. Bb5 Nd5 17. Ke2 Nf4+ 18. Kd2 Nd5+ 19. Kd3 Nf4+ 20. Kc3 Bg7+ 21. Bd4 Ne2+ 22. Bxe2 e5 23. Bb6+ Ke7 24. Nc7 e4+ 25. Bd4 Bxd4+ 26. Kxd4 Nc2+ 27. Kxe4 f5+ 28. Ke5 Nb4 29. Nd5+ Nxd5 30. Kxd5 Rd8+ 31. Kc4 Rd2 32. Re1 Rxb2 33. a4 Ra2 34. Bd1+ Kd6 35. Re2 Ra3 36. Rd2+ Kc6 37. Kb4 Ra1 38. Bb3 Rh1 39. a5 Rxh2 40. Bd5+ Kc7 41. Kb5 Rh1 42. Rc2+ Kd6 43. Bxb7 Rb1+ 44. Ka6 h5 45. Ka7 h4 46. Rc6+ Kd7 47. Rxg6 Rb2 48. Rh6 Rxf2 49. Rxh4 Kd6 50. a6 Ke5 51. Kb8 Ra2 52. a7 Rxa7 53. Kxa7 f4 54. Kb6 Kd4 55. Rxf4+ Ke3 56. Rf6 Kd4 57. f4 Ke3 58. f5 Kd4 59. Re6 Kc4 60. f6 Kb4 61. f7 Ka4 62. f8=Q Kb3 63. Re3+ Kc4 64. Qf4# 1-0


[Site "https://www.chess.com"]

[Event "Titled Tuesday Blitz November 22 Early 2022"]
[White "Cramling Bellon, Anna"]
[Black "Sariego Figueredo, Wilfredo"]
[WhiteFideId "32009232"]
[BlackFideId "3500080"]
[WhiteElo "1972"]
[BlackElo "2309"]
[Result "1-0"]
[Round "09"]
[TimeControl "180+1"]
[Date "2022.11.23"]
[WhiteClock "0:00:01"]
[BlackClock "0:00:22"]

1. d4 d5 2. c4 c6 3. Nf3 Nf6 4. Nc3 a6 5. c5 Bf5 6. Bf4 e6 7. e3 Be7 8. Bd3 Bg6 9. b4 Nbd7 10. O-O O-O 11. a4 Re8 12. b5 axb5 13. Bxg6 hxg6 14. axb5 Nh5 15. bxc6 bxc6 16. Ra4 Rxa4 17. Qxa4 Nxf4 18. exf4 Qc7 19. Ne5 Nxe5 20. fxe5 f6 21. f4 Rb8 22. Ra1 Kf7 23. h3 g5 24. fxg5 fxe5 25. g6+ Kxg6 26. Qc2+ e4 27. Qe2 Bf6 28. Qg4+ Kf7 29. Ne2 Rb2 30. Nf4 Bxd4+ 31. Kh1 Qe5 32. Qg6+ Ke7 33. Ra7+ Kd8 34. Nxe6+ Qxe6 35. Qxe6 Rb1+ 36. Kh2 Bg1+ 37. Kh1 Rb3 38. Qg8# 1-0


[Site "https://www.chess.com"]

[Event "Titled Tuesday Blitz November 22 Early 2022"]
[White "Csonka, Balazs"]
[Black "Stijve, Theo"]
[WhiteFideId "742910"]
[BlackFideId "1331132"]
[WhiteElo "2404"]
[BlackElo "2256"]
[Result "1-0"]
[Round "09"]
[TimeControl "180+1"]
[Date "2022.11.23"]
[WhiteClock "0:00:14"]
[BlackClock "0:00:19"]

1. e4 c5 2. Nf3 a6 3. g3 b5 4. d4 cxd4 5. Nxd4 Bb7 6. Bg2 e6 7. O-O Nf6 8. Qe2 d6 9. Rd1 Qc7 10. a4 b4 11. c3 bxc3 12. Nxc3 Be7 13. Bg5 Nbd7 14. Rac1 Qb8 15. Nd5 exd5 16. exd5 O-O 17. Nc6 Bxc6 18. dxc6 Ne5 19. c7 Qc8 20. Be3 d5 21. Bd4 Ng6 22. Bxf6 Bxf6 23. Bxd5 Ra7 24. Qc4 Be5 25. Bxf7+ Kh8 26. Bxg6 hxg6 27. Rd8 Rxd8 28. Qh4+ Kg8 29. cxd8=Q+ 1-0


[Site "https://www.chess.com"]

[Event "Titled Tuesday Blitz November 22 Early 2022"]
[White "Dardha, Daniel"]
[Black "Indjic, Aleksandar"]
[WhiteFideId "240990"]
[BlackFideId "911925"]
[WhiteElo "2528"]
[BlackElo "2592"]
[Result "1-0"]
[Round "09"]
[TimeControl "180+1"]
[Date "2022.11.22"]
[WhiteClock "0:02:11"]
[BlackClock "0:00:11"]

1. e4 e5 2. d4 exd4 3. Qxd4 Nc6 4. Qc4 Nf6 5. Nc3 Be7 6. Bg5 O-O 7. O-O-O d6 8. h4 Be6 9. Qe2 h6 10. f4 Bg4 11. Nf3 hxg5 12. hxg5 Nh5 13. Qd2 g6 14. Nd5 Re8 15. Rh4 Bxf3 16. gxf3 Nxf4 17. Nxe7+ Rxe7 18. Qxf4 Re5 19. Qh2 Qxg5+ 20. f4 Qxh4 21. Qxh4 Rxe4 22. Bd3 Rd4 23. Qf6 1-0


[Site "https://www.chess.com"]

[Event "Titled Tuesday Blitz November 22 Early 2022"]
[White "Deac, Bogdan-Daniel"]
[Black "Durarbayli, Vasif"]
[WhiteFideId "1226380"]
[BlackFideId "13402935"]
[WhiteElo "2648"]
[BlackElo "2586"]
[Result "0-1"]
[Round "09"]
[TimeControl "180+1"]
[Date "2022.11.22"]
[WhiteClock "0:00:06"]
[BlackClock "0:00:09"]

1. d4 d5 2. Nf3 Nf6 3. Bf4 c5 4. e3 Nc6 5. Nbd2 Qb6 6. dxc5 Qxb2 7. Rb1 Qc3 8. Bb5 e6 9. O-O Be7 10. e4 O-O 11. e5 Nd7 12. Nb3 Qb4 13. Nbd4 Qxc5 14. Re1 Nxd4 15. Nxd4 Bd8 16. Re3 Bb6 17. c3 Qe7 18. Qg4 f5 19. Qh5 Qf7 20. Qh4 Bd8 21. Bg5 Bxg5 22. Qxg5 f4 23. Rh3 Nc5 24. Bd3 h6 25. Qg4 Nxd3 26. Rxd3 Kh7 27. h4 Qg6 28. Qe2 b6 29. h5 Qe4 30. Qd1 Qxe5 31. Rh3 Qf6 32. Qc2+ Kh8 33. Rh1 e5 34. Nb3 Bf5 35. Qc1 Bxb1 36. Qxb1 e4 37. Rh3 f3 38. Nd4 fxg2 39. Qe1 Rac8 40. Kxg2 Rf7 41. Rg3 Rcf8 42. Qe3 Qxf2+ 43. Qxf2 Rxf2+ 44. Kh3 Rxa2 45. Ne6 Rf3 0-1


[Site "https://www.chess.com"]

[Event "Titled Tuesday Blitz November 22 Early 2022"]
[White "Decuigniere, Tom"]
[Black "Baskakov, Egor"]
[WhiteFideId "26093820"]
[BlackFideId "24197866"]
[WhiteElo "2252"]
[BlackElo "2211"]
[Result "1-0"]
[Round "09"]
[TimeControl "180+1"]
[Date "2022.11.23"]
[WhiteClock "0:00:15"]
[BlackClock "0:00:19"]

1. c4 Nf6 2. Nc3 e6 3. e4 d5 4. cxd5 exd5 5. e5 d4 6. exf6 dxc3 7. Bb5+ c6 8. Qe2+ Be6 9. Bc4 cxd2+ 10. Bxd2 Qxf6 11. Nf3 Nd7 12. O-O Be7 13. Bc3 Qg6 14. Rfe1 O-O 15. Bxe6 fxe6 16. Rad1 Rad8 17. Qxe6+ Qxe6 18. Rxe6 Bf6 19. Red6 Nb6 20. Bxf6 Rxd6 21. Rxd6 Rxf6 22. Rxf6 gxf6 23. Kf1 Nd5 24. Ne1 Kf7 25. Ke2 Nf4+ 26. Ke3 Nd5+ 27. Kd4 Ke6 28. Nd3 b6 29. a3 Kd6 30. f4 c5+ 31. Ke4 Ne7 32. g4 c4 33. Nb4 Kc5 34. h4 a5 35. Nc2 b5 36. g5 f5+ 37. Ke5 Ng6+ 38. Kxf5 Nxh4+ 39. Ke6 b4 40. axb4+ axb4 41. f5 b3 42. Na3 Kb4 43. Nb1 Kc5 44. f6 Kd4 45. f7 Ng6 46. Kf6 Kd3 47. Nc3 Kc2 48. Na4 c3 49. bxc3 b2 50. Nxb2 Kxc3 51. Kg7 Kd4 52. Kxh7 Nf8+ 53. Kg7 Ne6+ 54. Kf6 Nf8 55. g6 1-0


[Site "https://www.chess.com"]

[Event "Titled Tuesday Blitz November 22 Early 2022"]
[White "Diaz Rosas, Julio Cesar"]
[Black "Odinaev, Timur"]
[WhiteFideId "5105099"]
[BlackFideId "4163770"]
[WhiteElo "2246"]
[BlackElo "2306"]
[Result "1-0"]
[Round "09"]
[TimeControl "180+1"]
[Date "2022.11.23"]
[WhiteClock "0:00:56"]
[BlackClock "0:00:13"]

1. e4 c5 2. Nf3 d6 3. d4 cxd4 4. Nxd4 Nf6 5. Nc3 g6 6. Be3 Bg7 7. f3 Nc6 8. Qd2 O-O 9. O-O-O d5 10. exd5 Nxd5 11. Nxc6 bxc6 12. Bd4 e5 13. Bc5 Be6 14. h4 h6 15. h5 g5 16. Bc4 e4 17. Nxe4 Re8 18. Bd4 Nf4 19. Bxg7 Qxd2+ 20. Rxd2 Kxg7 21. Bxe6 Rxe6 22. c4 Rae8 23. g4 Re5 24. Kc2 R8e6 25. b3 f5 26. Ng3 fxg4 27. fxg4 Re1 28. Nf5+ Kf6 29. Rxe1 Rxe1 30. Nxh6 c5 31. Nf5 Ne6 32. Rh2 Nf8 33. Kd2 Re4 34. Ne3 Ke5 35. h6 Nh7 36. Rf2 Kd4 37. Nc2+ Ke5 38. Rf5+ Ke6 39. Ne3 Rxg4 40. Rxc5 Rd4+ 41. Kc3 Re4 42. Kd3 Re5 43. Rc7 Nf6 44. h7 Nxh7 45. Rxh7 Kf6 46. Ng4+ Kg6 47. Nxe5+ Kxh7 48. c5 1-0


[Site "https://www.chess.com"]

[Event "Titled Tuesday Blitz November 22 Early 2022"]
[White "Ezat, Mohamed"]
[Black "Gjestemoen-VonHirsch, Andre"]
[WhiteFideId "10600906"]
[BlackFideId "1539531"]
[WhiteElo "2386"]
[BlackElo "2198"]
[Result "1-0"]
[Round "09"]
[TimeControl "180+1"]
[Date "2022.11.23"]
[WhiteClock "0:00:42"]
[BlackClock "0:00:01"]

1. d4 g6 2. c4 c5 3. d5 b5 4. e4 Bg7 5. cxb5 a6 6. b6 Qxb6 7. Nc3 d6 8. Nf3 Bg4 9. Qa4+ Nd7 10. Nd2 Qb4 11. Qc2 Ne5 12. a3 Qb7 13. h3 Bc8 14. Be2 Nf6 15. O-O O-O 16. f4 Ned7 17. Nc4 Nb6 18. Ne3 e6 19. Bf3 exd5 20. e5 dxe5 21. fxe5 Ne8 22. Ncxd5 Nxd5 23. Nxd5 Qa7 24. Be3 Bxe5 25. Bxc5 Bd4+ 26. Bxd4 Qxd4+ 27. Kh1 Ra7 28. Qxc8 Nc7 29. Qd7 Ne6 30. Qd6 Rd8 31. Ne7+ 1-0


[Site "https://www.chess.com"]

[Event "Titled Tuesday Blitz November 22 Early 2022"]
[White "Fathy, Elameir"]
[Black "Martin, Lewis"]
[WhiteFideId "10600396"]
[BlackFideId "410551"]
[WhiteElo "2311"]
[BlackElo "2145"]
[Result "0-1"]
[Round "09"]
[TimeControl "180+1"]
[Date "2022.11.23"]
[WhiteClock "0:00:06"]
[BlackClock "0:00:14"]

1. d4 d5 2. c4 e6 3. Nf3 Nf6 4. g3 c6 5. Bg2 Nbd7 6. O-O Be7 7. Nbd2 O-O 8. Qc2 b6 9. e4 dxe4 10. Nxe4 Nxe4 11. Qxe4 Bb7 12. Rd1 Qc8 13. Qe2 Nf6 14. Bf4 Re8 15. Bh3 Ba6 16. Rac1 Qb7 17. Bg2 Rad8 18. Ne5 Nd5 19. Qf3 Nxf4 20. Qxf4 Bf6 21. Nxc6 Rc8 22. Nb4 Qd7 23. Nxa6 Qa4 24. Nc7 Red8 25. a3 Rd7 26. Nb5 Rxc4 27. Rxc4 Qxc4 28. Nc3 h6 29. Bf1 Qb3 30. Qe4 Qxb2 31. Rd3 g6 32. a4 Kg7 33. h4 a6 34. Ne2 b5 35. axb5 axb5 36. h5 b4 37. hxg6 fxg6 38. Qxe6 Re7 39. Qb3 Rxe2 40. Bxe2 Qxe2 41. Rf3 Qe7 42. Kg2 Bxd4 43. Qc4 Bc3 44. Re3 Qf7 45. Qe2 Qf6 46. Re7+ Kf8 47. Ra7 Bd4 48. Ra8+ Kg7 49. Qe8 Qxf2+ 50. Kh3 Qf1+ 51. Kg4 Qf5+ 52. Kh4 Qh5# 0-1


[Site "https://www.chess.com"]

[Event "Titled Tuesday Blitz November 22 Early 2022"]
[White "Fernandez Garcia, Gumersindo"]
[Black "Garcia Ramos, Daniel"]
[WhiteFideId "24516740"]
[BlackFideId "32010311"]
[WhiteElo "2140"]
[BlackElo "2357"]
[Result "0-1"]
[Round "09"]
[TimeControl "180+1"]
[Date "2022.11.23"]
[WhiteClock "0:00:12"]
[BlackClock "0:00:06"]

1. d4 d5 2. c4 e6 3. Nf3 Nf6 4. g3 Bb4+ 5. Bd2 Be7 6. Bg2 O-O 7. O-O c6 8. Qc2 b6 9. Bf4 Nbd7 10. Nbd2 Ba6 11. Rfd1 c5 12. cxd5 Nxd5 13. Nc4 Rc8 14. b3 cxd4 15. Qb2 Bxc4 16. bxc4 Nxf4 17. gxf4 Qc7 18. Nxd4 Qxf4 19. e3 Qe5 20. Qe2 Nc5 21. Nc6 Qc7 22. Rac1 Bf6 23. Rd2 g6 24. Rcd1 Kg7 25. Qg4 h5 26. Qg3 Qxg3 27. hxg3 Rc7 28. Nd4 Na4 29. Bf1 Nc3 30. Rc1 Ne4 31. Rd3 Rfc8 32. Ra3 Bxd4 33. exd4 a5 34. Kg2 Nd2 35. Rac3 Nxf1 36. Kxf1 Kf6 37. Ke2 Ke7 38. Kd3 Kd6 39. Rb3 Rc6 40. Rcb1 Rxc4 41. Rxb6+ Ke7 42. Rb7+ Kf6 43. R1b2 Rc3+ 44. Ke4 Ra3 45. Ra7 Ra4 46. Rbb7 Rf8 47. Rb2 Rd8 48. Rd2 Rd5 49. Ra6 Kg5 50. Ra7 f5+ 51. Kf3 Ra3+ 52. Ke2 f4 53. gxf4+ Kxf4 54. Rf7+ Ke4 55. Rf6 e5 56. Re6 Rxd4 57. Rxd4+ Kxd4 58. Rxg6 Rxa2+ 59. Kf3 e4+ 60. Kf4 Rxf2+ 61. Kg3 Rf3+ 62. Kg2 Ke3 63. Rg5 a4 64. Rxh5 a3 65. Ra5 Kf4 66. Ra4 Rb3 67. Kf1 Kf3 68. Ke1 e3 69. Kd1 e2+ 70. Kd2 Rb2+ 71. Kc3 e1=Q+ 72. Kc4 Qc1+ 73. Kd5 Rb5+ 74. Kd6 Qc5+ 75. Kd7 Qd5+ 76. Kc7 Qc5+ 77. Kd7 Rb7+ 78. Kd8 Rb8+ 79. Kd7 Qb5+ 80. Kd6 Qxa4 0-1


[Site "https://www.chess.com"]

[Event "Titled Tuesday Blitz November 22 Early 2022"]
[White "Garmash, Aliona"]
[Black "Ferreira, Vitor Hugo Vieira"]
[WhiteFideId "34127620"]
[BlackFideId "2119765"]
[WhiteElo "1958"]
[BlackElo "2168"]
[Result "1-0"]
[Round "09"]
[TimeControl "180+1"]
[Date "2022.11.23"]
[WhiteClock "0:00:06"]
[BlackClock "0:00:12"]

1. d4 d5 2. Nf3 Nf6 3. c4 dxc4 4. e3 a6 5. Bxc4 b5 6. Be2 e6 7. O-O c5 8. a4 b4 9. Nbd2 Be7 10. Nb3 cxd4 11. exd4 O-O 12. Bf4 Nd5 13. Bg3 Bb7 14. Rc1 Nc6 15. Nc5 Bxc5 16. dxc5 Qf6 17. Qc2 h6 18. Rfd1 Rac8 19. Bd3 Nf4 20. Bf1 e5 21. Rd7 Ba8 22. Bxa6 Rce8 23. Bf1 e4 24. Ne1 e3 25. fxe3 Rxe3 26. Qf2 Re4 27. Nd3 Nxd3 28. Qxf6 gxf6 29. Bxd3 Re3 30. Bb5 Na5 31. Bf4 Re6 32. Bxh6 Rfe8 33. h3 Re2 34. Bxe2 Rxe2 35. Rd8+ Kh7 36. Rxa8 Nb3 37. Rf1 Kxh6 38. Rxf6+ Kg7 39. Rf2 Re1+ 40. Rf1 Nxc5 41. Rxe1 Nd3 42. Re3 Nf4 43. Rg3+ Kf6 44. a5 Ne2+ 45. Kh2 Nxg3 46. Kxg3 b3 47. a6 Ke7 48. a7 Kd6 49. Rb8 Kc5 50. a8=Q Kd4 51. Qa4+ Kd3 52. Rd8+ Kc2 53. Qc4+ Kb1 54. Rd1+ Ka2 55. Qa4+ Kxb2 56. Qa1+ Kc2 57. Qc1# 1-0


[Site "https://www.chess.com"]

[Event "Titled Tuesday Blitz November 22 Early 2022"]
[White "Garv Gaur"]
[Black "Ostrovskiy, Aleksandr"]
[WhiteFideId "45030839"]
[BlackFideId "2034239"]
[WhiteElo "1960"]
[BlackElo "2340"]
[Result "0-1"]
[Round "09"]
[TimeControl "180+1"]
[Date "2022.11.23"]
[WhiteClock "0:00:02"]
[BlackClock "0:00:06"]

1. d4 Nf6 2. Nf3 c5 3. d5 g6 4. c4 Bg7 5. g3 O-O 6. Bg2 d6 7. O-O Na6 8. Nc3 Nc7 9. h3 Bd7 10. e3 b5 11. cxb5 Nxb5 12. Bd2 Rb8 13. Re1 Qb6 14. e4 Nd4 15. b3 Nxf3+ 16. Bxf3 Bxh3 17. g4 h5 18. gxh5 Bd7 19. h6 Bh8 20. Qc2 Ng4 21. Kg2 Kh7 22. Rh1 Ne5 23. Be2 f5 24. Rag1 f4 25. f3 c4 26. bxc4 Rbc8 27. Rb1 Qd4 28. Rb7 g5 29. Rd1 g4 30. Bxf4 gxf3+ 31. Bxf3 Rg8+ 32. Kh2 Qxc4 33. Rxd7 Nxd7 34. e5+ Rg6 35. Be4 Nxe5 36. Bxg6+ Nxg6 37. Bg3 Qxc3 38. Qf5 Qc2+ 39. Qxc2 Rxc2+ 40. Kh3 Be5 41. Be1 Rxa2 42. Kg4 Kxh6 43. Kf5 Nf8 44. Bd2+ Kg7 45. Rg1+ Kf7 46. Bh6 Rf2+ 47. Ke4 Rh2 48. Bg5 Bf6 49. Bf4 Re2+ 50. Kf5 Ra2 51. Rh1 Ra5 52. Ke4 Ra4+ 53. Kf5 a5 54. Rb1 Rb4 55. Rc1 Ng6 56. Rh1 Rxf4# 0-1


[Site "https://www.chess.com"]

[Event "Titled Tuesday Blitz November 22 Early 2022"]
[White "Gheorghiu, Calin"]
[Black "Stefanova, Antoaneta"]
[WhiteFideId "1200305"]
[BlackFideId "2902257"]
[WhiteElo "2225"]
[BlackElo "2426"]
[Result "1-0"]
[Round "09"]
[TimeControl "180+1"]
[Date "2022.11.23"]
[WhiteClock "0:00:37"]
[BlackClock "0:00:18"]

1. d4 g6 2. e4 Bg7 3. Nc3 a6 4. f4 b5 5. Nf3 Bb7 6. Bd3 e6 7. f5 gxf5 8. exf5 Nc6 9. Bg5 Bf6 10. Ne4 Bxg5 11. Nfxg5 Nf6 12. O-O e5 13. d5 Nb4 14. d6 Nxd3 15. Qxd3 Nxe4 16. Nxe4 Bxe4 17. Qxe4 cxd6 18. f6 Qb6+ 19. Kh1 Qc6 20. Qe2 O-O-O 21. Rf3 Rhg8 22. Rc3 Kb7 23. Rxc6 dxc6 24. Rd1 1-0


[Site "https://www.chess.com"]

[Event "Titled Tuesday Blitz November 22 Early 2022"]
[White "Gines Esteo, Pedro Antonio"]
[Black "Han, Yichen"]
[WhiteFideId "32080190"]
[BlackFideId "1054430"]
[WhiteElo "2422"]
[BlackElo "2323"]
[Result "0-1"]
[Round "09"]
[TimeControl "180+1"]
[Date "2022.11.23"]
[WhiteClock "0:00:01"]
[BlackClock "0:00:20"]

1. Nf3 Nf6 2. g3 d5 3. Bg2 Nbd7 4. d4 Nb6 5. Nc3 Bf5 6. Nh4 Bd7 7. e4 dxe4 8. Nxe4 c6 9. O-O Nxe4 10. Bxe4 e6 11. Nf3 Be7 12. Ne5 Nd5 13. c4 Nf6 14. Bg2 O-O 15. Be3 Bd6 16. Nd3 Re8 17. Re1 Rb8 18. Qd2 b5 19. b3 Bc7 20. Bf4 Ba5 21. b4 Bc7 22. Bxc7 Qxc7 23. Nc5 Rbd8 24. Qc3 bxc4 25. Qxc4 Nd5 26. a3 Qb6 27. h4 Bc8 28. h5 h6 29. Rab1 Qb5 30. Qc2 Nf6 31. Re5 Rxd4 32. Rbe1 Qc4 33. Qxc4 Rxc4 34. Bxc6 Rd8 35. Bf3 Rc3 36. R5e3 Rc2 37. R1e2 Rc1+ 38. Re1 Rc2 39. a4 Rc4 40. Rb3 Rdd4 41. Reb1 Nd5 42. Bxd5 Rxd5 43. a5 Rxh5 44. Nd3 Bb7 45. f3 Bxf3 46. Nf4 Rh1+ 47. Kf2 Rxb1 48. Rxb1 Bb7 49. b5 Rc2+ 50. Ke3 Rc3+ 51. Kd4 Rxg3 52. Nd3 Bd5 53. Nc5 Rg4+ 54. Ke5 Kf8 55. a6 Ke7 56. Nxe6 Bxe6 57. b6 f6# 0-1


[Site "https://www.chess.com"]

[Event "Titled Tuesday Blitz November 22 Early 2022"]
[White "Golubev, Mikhail"]
[Black "Levitan, Caleb Levi"]
[WhiteFideId "14100983"]
[BlackFideId "14332620"]
[WhiteElo "2374"]
[BlackElo "1963"]
[Result "1-0"]
[Round "09"]
[TimeControl "180+1"]
[Date "2022.11.23"]
[WhiteClock "0:00:13"]
[BlackClock "0:00:04"]

1. e4 c5 2. Nf3 e6 3. d4 cxd4 4. Nxd4 a6 5. Bd3 b5 6. O-O Bb7 7. a4 Nc6 8. Nxc6 Bxc6 9. axb5 axb5 10. Rxa8 Qxa8 11. Qe2 Nf6 12. f3 Bc5+ 13. Kh1 b4 14. Be3 Bxe3 15. Qxe3 O-O 16. Nd2 d5 17. e5 Nd7 18. Nb3 Qb8 19. f4 Rc8 20. Nd4 Ba4 21. Ra1 Bc6 22. Re1 Nc5 23. f5 Nxd3 24. cxd3 Bd7 25. f6 Rc7 26. fxg7 Qd8 27. Rf1 Be8 28. Qh6 Qe7 29. h3 Ra7 30. Nf3 f5 31. exf6 Qf7 32. Ne5 Qc7 33. f7+ Bxf7 34. Nxf7 Qxf7 35. Rxf7 Rxf7 36. Qxe6 Kxg7 37. Qxd5 Rf1+ 38. Kh2 Rb1 39. Qd4+ Kg6 40. Qxb4 Rd1 41. Qd6+ 1-0


[Site "https://www.chess.com"]

[Event "Titled Tuesday Blitz November 22 Early 2022"]
[White "Goncalves, Davi Sulzbacher"]
[Black "Fernandez Siles, Luis"]
[WhiteFideId "2154510"]
[BlackFideId "2209420"]
[WhiteElo "2182"]
[BlackElo "2186"]
[Result "1-0"]
[Round "09"]
[TimeControl "180+1"]
[Date "2022.11.23"]
[WhiteClock "0:01:28"]
[BlackClock "0:01:32"]

1. Nf3 Nf6 2. d4 g6 3. Bf4 Bg7 4. e3 O-O 5. Be2 d6 6. O-O c5 7. dxc5 dxc5 8. Qxd8 Rxd8 9. Na3 Nc6 10. c3 Nd5 11. Bg3 b6 12. Rfd1 Bb7 13. Nc4 f6 14. a4 e5 15. a5 Rac8 16. axb6 Nxb6 17. Nd6 Nd4 18. exd4 Rxd6 19. dxe5 Rxd1+ 20. Bxd1 Bxf3 21. Bxf3 fxe5 22. Rxa7 Nc4 23. Bd5+ 1-0


[Site "https://www.chess.com"]

[Event "Titled Tuesday Blitz November 22 Early 2022"]
[White "Gonzalez, Francisco Silva"]
[Black "Matveeva, Olga"]
[WhiteFideId "1512285"]
[BlackFideId "24107018"]
[WhiteElo "2159"]
[BlackElo "2055"]
[Result "1-0"]
[Round "09"]
[TimeControl "180+1"]
[Date "2022.11.23"]
[WhiteClock "0:02:14"]
[BlackClock "0:00:29"]

1. d4 Nf6 2. c4 e6 3. Nc3 d5 4. Bg5 Be7 5. e3 Nbd7 6. Nf3 h6 7. Bh4 b6 8. a3 Bb7 9. b4 dxc4 10. Qa4 a5 11. b5 Nd5 12. Bxe7 Qxe7 13. Ne2 c3 14. Rc1 e5 15. dxe5 Nxe5 16. Nxe5 Qxe5 17. Qd4 Qxd4 18. Nxd4 O-O 19. Bc4 Nf6 20. f3 Rfe8 21. Kf2 Bd5 22. Rxc3 Rad8 23. Bd3 Rd7 24. Rhc1 Rc8 25. Bf5 1-0


[Site "https://www.chess.com"]

[Event "Titled Tuesday Blitz November 22 Early 2022"]
[White "Gonzalez Vega, Alejandro"]
[Black "Seletsky, Grigory"]
[WhiteFideId "3510042"]
[BlackFideId "14112191"]
[WhiteElo "2278"]
[BlackElo "2492"]
[Result "1/2-1/2"]
[Round "09"]
[TimeControl "180+1"]
[Date "2022.11.23"]
[WhiteClock "0:00:13"]
[BlackClock "0:00:13"]

1. e4 c5 2. Nf3 d6 3. d4 cxd4 4. c3 d3 5. Bxd3 Nc6 6. O-O g6 7. h3 Bg7 8. Qe2 Nf6 9. Rd1 Qc7 10. a4 O-O 11. Na3 a6 12. Nc4 b6 13. Be3 Nd7 14. Bc2 Bb7 15. Rac1 Na5 16. Nxa5 bxa5 17. Nd4 Nc5 18. f3 Rab8 19. b4 Nd7 20. Bd3 Rfc8 21. Bxa6 Bxa6 22. Qxa6 Qc4 23. Qxc4 Rxc4 24. b5 Rxa4 25. Nc6 Rxb5 26. Nxe7+ Kf8 27. Nd5 Rc4 28. Bd4 Ne5 29. Ra1 f5 30. Nb6 Rc7 31. Rdb1 Rxb1+ 32. Rxb1 Nc4 33. Bxg7+ Kxg7 34. Nd5 Rc5 35. Rb7+ Kf8 36. Rxh7 fxe4 37. fxe4 Nd2 38. Nf6 Rxc3 39. Rd7 a4 40. Nh7+ Ke8 41. Nf6+ Kf8 42. Nh7+ Ke8 43. Nf6+ Kf8 1/2-1/2


[Site "https://www.chess.com"]

[Event "Titled Tuesday Blitz November 22 Early 2022"]
[White "Goryachkina, Aleksandra"]
[Black "Zemlyanskii, Ivan"]
[WhiteFideId "4147103"]
[BlackFideId "24249971"]
[WhiteElo "2484"]
[BlackElo "2107"]
[Result "1-0"]
[Round "09"]
[TimeControl "180+1"]
[Date "2022.11.22"]
[WhiteClock "0:00:36"]
[BlackClock "0:00:01"]

1. e4 c5 2. Nf3 d6 3. Bb5+ Nd7 4. Ba4 Nf6 5. O-O e6 6. Re1 a6 7. c3 b5 8. Bc2 Bb7 9. d4 Be7 10. Nbd2 Qc7 11. Nf1 O-O 12. Ng3 Rac8 13. Bd3 Rfd8 14. h3 h6 15. Be3 Qb8 16. Qe2 Qa8 17. Bd2 Nb6 18. Rad1 cxd4 19. cxd4 Nc4 20. Bc1 Rc7 21. Nh2 Rdc8 22. Ng4 d5 23. Nxf6+ Bxf6 24. e5 Be7 25. Nh5 Bf8 26. Bb1 g6 27. Nf6+ Kh8 28. h4 Bg7 29. h5 Bxf6 30. exf6 Nd6 31. hxg6 fxg6 32. Bxh6 Nf5 33. Bxf5 exf5 34. Qe6 Rh7 35. Bg7+ Rxg7 36. fxg7+ Kxg7 37. Qd7+ Kh6 38. Re7 Rc2 39. Rh7+ Kg5 40. Qe7+ Kf4 41. Rh4# 1-0


[Site "https://www.chess.com"]

[Event "Titled Tuesday Blitz November 22 Early 2022"]
[White "Grabinsky, Vladimir"]
[Black "Skibbe, Willi"]
[WhiteFideId "14107074"]
[BlackFideId "4682190"]
[WhiteElo "2198"]
[BlackElo "2361"]
[Result "0-1"]
[Round "09"]
[TimeControl "180+1"]
[Date "2022.11.23"]
[WhiteClock "0:00:01"]
[BlackClock "0:00:08"]

1. e4 e6 2. d4 d5 3. Nd2 c5 4. exd5 Qxd5 5. Ngf3 cxd4 6. Bc4 Qd6 7. Qe2 Nf6 8. Nb3 Nc6 9. Bg5 Be7 10. O-O-O a6 11. Nbxd4 Nxd4 12. Rxd4 Qc7 13. Bf4 Qb6 14. Rhd1 Bd7 15. Ne5 Bb5 16. Bxb5+ Qxb5 17. Qxb5+ axb5 18. Kb1 Nd5 19. Bg3 f6 20. Nd3 Kf7 21. Nf4 Nxf4 22. Rxf4 Rhd8 23. Rfd4 e5 24. R4d3 Rxd3 25. Rxd3 Rd8 26. Rxd8 Bxd8 27. f3 Bb6 28. b3 Ke6 29. Kb2 Kd5 30. Kc3 Ba5+ 31. Kd3 f5 32. c4+ bxc4+ 33. bxc4+ Ke6 34. a4 Bb4 35. Bf2 g5 36. g4 h6 37. h3 Kf6 38. c5 Ba5 39. Kc4 Ke6 40. Kb5 Bc7 41. c6 bxc6+ 42. Kxc6 Ba5 43. Bc5 e4 44. fxe4 fxe4 45. Be3 Bc3 46. Kb5 Kd5 47. a5 Bxa5 48. Kxa5 Kc4 49. Kb6 Kd3 50. Bf2 Ke2 0-1


[Site "https://www.chess.com"]

[Event "Titled Tuesday Blitz November 22 Early 2022"]
[White "Gurevich, Dmitry"]
[Black "Yurasova, Daria"]
[WhiteFideId "2000407"]
[BlackFideId "34146919"]
[WhiteElo "2506"]
[BlackElo "2097"]
[Result "0-1"]
[Round "09"]
[TimeControl "180+1"]
[Date "2022.11.23"]
[WhiteClock "0:00:01"]
[BlackClock "0:00:13"]

1. d4 d5 2. c4 dxc4 3. Nf3 Nf6 4. g3 e6 5. Bg2 Nd5 6. O-O Be7 7. Qc2 O-O 8. Qxc4 a6 9. Qc2 b5 10. e4 Nf6 11. Bg5 Bb7 12. Bxf6 Bxf6 13. Rc1 Nc6 14. e5 Be7 15. Rd1 Nb4 16. Qe2 Nd5 17. Nc3 Nxc3 18. bxc3 Bd5 19. h4 Rc8 20. Nd2 c5 21. Ne4 cxd4 22. cxd4 Qb6 23. a4 Rfd8 24. axb5 axb5 25. Rdb1 b4 26. Rd1 h6 27. Qe3 b3 28. Rab1 b2 29. Kh2 Ba2 30. Qd2 Bxb1 31. Rxb1 Ba3 32. Qd3 Rc1 33. Nd2 Qxd4 34. Qxa3 Qxd2 35. Rxb2 Qe1 36. Qf3 Qxe5 37. Rb4 Rc3 38. Qg4 h5 39. Qf4 Qxf4 40. Rxf4 g6 41. Bf1 Kg7 42. Kg2 Rd2 43. Bb5 Rc7 44. Bf1 Rd1 45. Be2 Rd2 46. Bf3 e5 47. Re4 Re7 48. Re3 f5 49. Be2 e4 50. Kf1 Rd6 0-1


[Site "https://www.chess.com"]

[Event "Titled Tuesday Blitz November 22 Early 2022"]
[White "Hambleton, Aman"]
[Black "Skliarov, Viktor"]
[WhiteFideId "2606577"]
[BlackFideId "14106736"]
[WhiteElo "2538"]
[BlackElo "2284"]
[Result "0-1"]
[Round "09"]
[TimeControl "180+1"]
[Date "2022.11.23"]
[WhiteClock "0:00:01"]
[BlackClock "0:00:16"]

1. d4 Nf6 2. c4 e6 3. Nc3 Bb4 4. Qc2 c5 5. dxc5 Na6 6. g3 Nxc5 7. Bg2 O-O 8. Nf3 Nce4 9. O-O Nxc3 10. bxc3 Bc5 11. Nd4 a6 12. Nb3 Qc7 13. Nxc5 Qxc5 14. Qb3 Qh5 15. Ba3 Re8 16. e4 d5 17. cxd5 exd5 18. exd5 Bh3 19. c4 Ng4 20. Qf3 Bxg2 21. Qxg2 Re2 22. d6 Rd8 23. Rae1 Ne3 24. Qe4 Ng4 25. Qg2 Ne3 26. Qe4 Ng4 0-1


[Site "https://www.chess.com"]